Map: Ever Dream LE

Players

SKillous

  • Race: Protoss Protoss
  • League: Grandmaster
  • Spawn Location: 7:00

LiquidClem (Clem) - Winner!

  • Race: Terran Terran
  • League: Grandmaster
  • Spawn Location: 1:00

Event: DreamHack SC2 Masters 2020 Fall

VOD

Have the link to the VOD?

Description

Time

  • Played on: Sept. 5, 2020, 1:13 p.m.
  • Length: 16:04

All games in this series

Show
View Real Time Build Order
Export as new Build Order

SKillous Protoss 

Build Orders: 1 Gate Expand, Colossus Rush 

Get SALT Encoding   

  12  0:00  Probe  
  13  0:12  Probe  
  14  0:17  Pylon  
  14  0:27  Probe (Chrono Boost)  
  15  0:36  Gateway  
  15  0:39  Probe (Chrono Boost)  
  16  0:43  Assimilator  
  16  0:45  Probe (Chrono Boost)  
  17  0:53  Probe  
  18  1:05  Probe  
  19  1:18  Probe  
  20  1:24  Cybernetics Core  
  20  1:32  Nexus  
  20  1:36  Probe  
  21  1:42  Pylon  
  21  1:47  Assimilator  
  21  1:50  Probe  
  21  1:58  Adept (Chrono Boost)  
  23  2:02  Probe (Chrono Boost), Warp Gate  
  24  2:14  Probe (Chrono Boost)  
  25  2:19  Probe (Chrono Boost)  
  25  2:20  Stalker  
  28  2:28  Probe  
  29  2:33  Robotics Facility  
  29  2:44  Probe (Chrono Boost)  
  31  2:45  Probe (Chrono Boost)  
  31  2:52  Sentry  
  31  2:53  Probe (Chrono Boost)  
  31  2:55  Probe (Chrono Boost)  
  31  2:57  Shield Battery  
  31  2:58  Probe (Chrono Boost)  
  35  3:05  Probe  
  35  3:06  Gateway  
  35  3:10  Probe  
  36  3:17  Probe  
  37  3:21  Pylon, Observer (Chrono Boost)  
  37  3:22  Probe  
  39  3:29  Probe  
  40  3:34  Probe  
  40  3:35  Observer (Chrono Boost)  
  42  3:41  Probe  
  42  3:42  Nexus  
  42  3:46  Probe  
  44  3:50  Robotics Bay  
  44  3:53  Pylon  
  44  3:54  Probe  
  45  3:58  Assimilator  
  45  4:01  Probe  
  46  4:04  Observer  
  46  4:05  Assimilator  
  46  4:06  Probe  
  46  4:08  Observer  
  48  4:11  Pylon  
  48  4:13  Probe  
  49  4:18  Probe  
  50  4:25  Probe  
  50  4:27  Pylon  
  50  4:30  Probe  
  52  4:33  Colossus (Chrono Boost)  
  52  4:37  Probe  
  59  4:42  Probe  
  59  4:43  Shield Battery, Observer  
  60  4:46  Gateway x2  
  60  4:49  Probe, Shield Battery  
  60  4:52  Observer  
  61  4:55  Probe  
  62  5:02  Probe  
  62  5:07  Sentry, Zealot  
  65  5:08  Probe  
  65  5:09  Colossus (Chrono Boost)  
  65  5:10  Probe  
  75  5:14  Probe  
  75  5:15  Extended Thermal Lance  
  75  5:20  Probe  
  77  5:22  Probe  
  77  5:26  Probe  
  77  5:27  Pylon, Zealot  
  81  5:32  Stalker  
  81  5:33  Probe  
  81  5:34  Probe  
  81  5:43  Stalker x2  
  81  5:49  Probe  
  80  5:50  Colossus (Chrono Boost)  
  80  5:51  Probe, Shield Battery  
  88  5:57  Shield Battery  
  88  5:59  Sentry, Zealot  
  88  6:02  Probe  
  92  6:08  Twilight Council, Zealot, Gateway  
  92  6:09  Zealot  
  96  6:15  Probe  
  96  6:18  Pylon  
  97  6:20  Gateway  
  97  6:22  Gateway  
  97  6:25  Probe x2  
  99  6:27  Forge  
  99  6:28  Probe  
  100  6:36  Pylon  
  100  6:38  Zealot x2, Assimilator  
  104  6:40  Charge (Chrono Boost)  
  104  6:42  Stalker x2, Assimilator  
  104  6:46  Pylon  
  108  6:54  Probe  
  108  6:57  Pylon  
  108  7:00  Stalker x2  
  113  7:07  Stalker x3, Protoss Ground Weapons Level 1 (Chrono Boost)  
  117  7:09  Warp Prism (Chrono Boost)  
  117  7:12  Pylon  
  119  7:18  Photon Cannon  
  119  7:24  Probe  
  120  7:31  Templar Archives  
  120  7:32  Gateway  
  120  7:36  Stalker x3, Colossus (Chrono Boost)  
  132  7:47  Zealot x3  
  138  8:03  Photon Cannon  
  138  8:04  Pylon  
  138  8:06  Gateway  
  138  8:07  Pylon  
  138  8:08  Gateway  
  138  8:13  Blink (Chrono Boost)  
  138  8:17  Zealot  
  140  8:20  Pylon  
  140  8:23  Immortal (Chrono Boost)  
  144  8:30  Probe  
  144  8:31  Probe x2  
  144  8:32  Nexus  
  144  8:33  Pylon  
  147  8:40  Sentry  
  147  8:41  High Templar x3  
  155  8:42  High Templar  
  155  8:43  Probe x3  
  155  8:45  Archon  
  155  8:46  Archon  
  160  8:51  Zealot  
  160  8:52  Zealot x2  
  166  8:56  Probe  
  166  8:58  Shield Battery  
  166  9:01  Pylon  
  166  9:02  Zealot  
  167  9:05  Protoss Ground Weapons Level 2 (Chrono Boost)  
  167  9:06  Pylon  
  161  9:10  Zealot x2  
  161  9:16  Zealot x4  
  161  9:17  Zealot x2  
  159  9:22  Pylon  
  159  9:31  Forge  
  159  9:33  Observer  
  159  9:37  Zealot x5  
  169  9:40  Probe  
  169  9:41  Probe  
  171  9:51  High Templar x3  
  171  9:52  High Templar x2  
  169  9:55  Archon x2  
  169  9:57  Zealot x4  
  169  9:59  Protoss Ground Armor Level 1 (Chrono Boost)  
  177  10:00  High Templar  
  177  10:05  Pylon  
  179  10:07  Archon  
  178  10:15  Pylon  
  178  10:16  Shield Battery  
  178  10:22  Zealot x4  
  178  10:24  Zealot x4  
  192  10:35  Warp Prism (Chrono Boost)  
  190  10:42  Zealot x6  
  182  10:50  Stalker x3  
  182  10:51  Stalker  
  184  11:00  Colossus (Chrono Boost)  
  182  11:16  Robotics Facility  
  182  11:17  High Templar x5  
  182  11:18  High Templar  
  188  11:19  Zealot x2, Nexus  
  188  11:21  Archon x2  
  188  11:22  Pylon  
  192  11:29  Archon  
  190  11:37  Protoss Ground Weapons Level 3 (Chrono Boost)  
  188  11:42  Zealot x4  
  188  11:44  Disruptor (Chrono Boost)  
  192  11:50  Zealot x2  
  199  11:54  Dark Shrine  
  197  12:06  Disruptor (Chrono Boost)  
  200  12:12  Photon Cannon  
  200  12:14  Photon Cannon  
  200  12:16  Photon Cannon  
  200  12:20  Shield Battery, Photon Cannon  
  200  12:21  Shield Battery  
  200  12:22  Shield Battery  
  186  12:33  Zealot x4  
  186  12:34  Zealot x6  
  186  12:37  Protoss Ground Armor Level 2 (Chrono Boost), Observer  
  193  12:42  Disruptor x2  
  199  12:45  Unknown  
  199  12:47  Probe  
  200  12:57  Pylon  
  200  13:04  Shadow Stride (Chrono Boost), Observer  
  200  13:05  Gateway  
  200  13:09  Gateway  
  200  13:10  Gateway  
  200  13:13  Gateway  
  200  13:26  Dark Templar  
  188  13:39  Zealot x9  
  178  13:43  Colossus (Chrono Boost)  
  151  13:49  Colossus (Chrono Boost)  
  151  13:59  Zealot x9  
  163  14:03  Zealot x2  
  153  14:14  Zealot x3  
  145  14:19  Colossus (Chrono Boost), Dark Templar x5  
  145  14:22  Dark Templar  
  161  14:35  Zealot x3  
  167  14:42  Zealot  
  167  14:45  Zealot x3  
  181  14:57  Colossus (Chrono Boost)  
  177  15:01  Disruptor (Chrono Boost)  
  177  15:05  Zealot x3  
  177  15:06  Zealot  
  173  15:09  Stalker  
  173  15:11  Probe  
  173  15:13  Probe  
  174  15:22  Stalker x2  
  175  15:31  Sentry x3  
  174  15:40  Stalker x2  
  134  15:46  Zealot x2  
  134  15:49  Zealot x2  
  122  15:54  Zealot  
Show
View Real Time Build Order
Export as new Build Order

LiquidClem Terran - Winner!

Build Orders:  

Get SALT Encoding   

  12  0:00  SCV  
  13  0:12  SCV  
  14  0:17  Supply Depot  
  14  0:24  SCV  
  15  0:38  SCV  
  15  0:40  Barracks  
  16  0:43  Refinery  
  16  0:51  SCV  
  17  1:03  SCV  
  18  1:15  SCV  
  19  1:27  Orbital Command, Marine  
  20  1:41  Command Center  
  20  1:46  Barracks Tech Lab  
  20  1:54  SCV  
  20  1:57  Supply Depot  
  21  2:04  Marauder  
  21  2:05  Concussive Shells  
  23  2:19  SCV  
  24  2:24  Barracks  
  24  2:26  Marauder  
  26  2:31  SCV  
  26  2:35  Factory  
  27  2:39  Refinery  
  27  2:43  SCV  
  28  2:47  Marine  
  30  2:58  SCV  
  30  3:03  Orbital Command  
  30  3:07  Marine  
  30  3:10  SCV  
  30  3:12  Barracks Tech Lab  
  32  3:18  Widow Mine  
  34  3:20  Starport  
  34  3:22  SCV  
  34  3:25  Marine  
  36  3:31  SCV, Marine  
  36  3:33  Stimpack  
  38  3:35  SCV  
  38  3:39  Supply Depot  
  39  3:43  SCV, Factory Reactor  
  39  3:48  SCV, Marine  
  41  3:52  Engineering Bay  
  42  3:55  SCV  
  42  4:00  SCV  
  46  4:03  Marauder  
  46  4:07  Barracks  
  46  4:08  SCV  
  47  4:12  Marauder  
  49  4:17  SCV, Supply Depot  
  49  4:20  SCV  
  49  4:23  Terran Infantry Weapons Level 1  
  51  4:26  Marine  
  51  4:29  SCV  
  53  4:33  Refinery, Marine  
  54  4:39  SCV, Medivac  
  54  4:40  Supply Depot  
  54  4:42  SCV  
  58  4:47  Medivac, Supply Depot  
  58  4:51  SCV  
  61  4:54  SCV  
  61  4:56  Barracks Reactor  
  62  5:00  Supply Depot  
  62  5:02  Marauder  
  62  5:03  SCV  
  62  5:05  Marauder  
  62  5:06  SCV  
  68  5:11  Supply Depot  
  68  5:14  Refinery  
  68  5:15  SCV, Factory Tech Lab  
  68  5:17  Factory Reactor  
  68  5:20  SCV  
  70  5:22  Supply Depot  
  70  5:26  Marauder  
  70  5:27  SCV  
  73  5:33  Command Center  
  75  5:35  Marauder  
  72  5:44  Marine  
  72  5:46  SCV  
  72  5:47  Marauder  
  72  5:48  SCV  
  67  5:52  Medivac, Marine  
  67  5:53  Medivac  
  67  5:56  Widow Mine x2  
  76  5:58  SCV  
  76  5:59  Marauder  
  76  6:00  SCV  
  76  6:03  Marine  
  81  6:07  Supply Depot  
  80  6:13  Marine  
  80  6:14  Marauder  
  80  6:15  Barracks x2  
  80  6:17  SCV x2  
  85  6:22  Supply Depot  
  85  6:28  Marauder, Marine  
  85  6:29  SCV  
  85  6:30  SCV  
  85  6:31  Terran Infantry Armor Level 1  
  90  6:35  Starport  
  90  6:39  Marine  
  91  6:41  Combat Shield, Marauder  
  91  6:43  SCV  
  91  6:44  SCV  
  95  6:51  Orbital Command  
  95  6:53  Marine  
  95  6:54  Marauder  
  98  6:55  SCV  
  98  6:56  SCV  
  100  7:02  Marauder  
  100  7:07  SCV  
  100  7:09  SCV  
  100  7:10  Barracks Tech Lab  
  100  7:11  Barracks Tech Lab  
  100  7:13  Marine  
  100  7:15  Marauder  
  103  7:16  Viking x2, Medivac  
  103  7:17  SCV  
  103  7:18  Viking  
  103  7:19  SCV  
  103  7:22  Marine  
  114  7:23  Supply Depot  
  114  7:26  SCV  
  114  7:27  Ghost Academy  
  117  7:30  Marauder  
  117  7:31  SCV, Marauder  
  117  7:32  SCV  
  121  7:38  SCV  
  121  7:41  Marine x2  
  121  7:44  SCV  
  124  7:45  SCV  
  124  7:46  Viking  
  124  7:47  Supply Depot  
  124  7:48  Viking x2  
  124  7:50  SCV  
  132  7:51  Refinery  
  132  7:52  Refinery  
  132  7:53  Viking  
  132  7:56  Marauder  
  136  7:59  Marauder  
  136  8:02  Marine x2  
  140  8:05  Missile Turret  
  140  8:08  Ghost  
  140  8:09  Supply Depot x2  
  140  8:10  SCV  
  143  8:14  SCV  
  143  8:15  Ghost  
  146  8:22  Command Center  
  146  8:25  Ghost  
  146  8:26  Marine x2  
  149  8:32  Viking  
  151  8:34  Viking, Supply Depot  
  151  8:35  Marine  
  151  8:38  Viking  
  156  8:43  Marauder  
  156  8:44  Marauder  
  156  8:45  Supply Depot  
  156  8:48  Marine x2  
  160  8:50  Viking  
  160  8:53  Supply Depot  
  160  8:54  Supply Depot  
  164  8:59  Armory  
  164  9:01  Engineering Bay  
  163  9:03  Marauder x2  
  163  9:08  Supply Depot, Marauder  
  169  9:10  Marauder  
  169  9:11  Marine x2  
  168  9:25  Marauder x2  
  168  9:28  Medivac  
  168  9:29  Ghost, Liberator  
  179  9:31  Marine x2  
  179  9:33  Marauder  
  183  9:45  SCV  
  184  9:46  Marauder x2  
  184  9:49  Marine  
  189  9:54  Marauder  
  189  9:57  SCV  
  189  9:58  Marauder, Marine  
  195  10:06  Terran Infantry Armor Level 2, Barracks x3  
  195  10:07  Marauder  
  195  10:08  Marauder  
  195  10:09  Marine  
  195  10:11  Enhanced Shockwaves  
  200  10:23  Terran Infantry Weapons Level 2  
  200  10:33  Marine  
  200  10:34  Ghost  
  200  10:35  Marauder  
  197  10:36  Planetary Fortress  
  197  10:40  Marauder, Marine  
  197  10:41  Marauder  
  197  10:42  SCV  
  190  10:45  Viking  
  190  10:47  SCV x2  
  183  10:51  Marine  
  183  10:56  Marauder, Barracks Tech Lab x2  
  180  10:57  Barracks Reactor  
  180  10:58  Marine  
  180  11:01  Marauder  
  180  11:03  Medivac, Marauder x2  
  179  11:06  SCV  
  179  11:08  SCV x2  
  179  11:09  Marine  
  182  11:14  SCV  
  182  11:16  Marine  
  182  11:17  Ghost, Marauder  
  182  11:18  SCV, Marauder  
  190  11:19  Viking  
  190  11:21  Viking  
  190  11:22  Marauder  
  190  11:24  Marine  
  197  11:27  SCV  
  197  11:28  Missile Turret  
  197  11:29  Viking  
  200  11:48  Missile Turret  
  200  11:49  Terran Ship Weapons Level 1  
  200  11:50  Refinery, Command Center  
  200  12:04  Starport  
  200  12:07  Fusion Core  
  200  12:08  Refinery  
  200  12:26  Ghost  
  200  12:27  Viking  
  200  12:29  Marine x2  
  187  12:30  Ghost  
  187  12:31  Marine  
  187  12:32  Viking, Marine  
  187  12:34  Viking  
  187  12:36  Ghost  
  185  12:39  Ghost  
  185  12:41  Viking x2  
  185  12:43  Marauder x2  
  197  12:50  Command Center  
  197  12:51  Missile Turret  
  197  12:55  Marauder  
  199  13:15  Advanced Ballistics  
  199  13:20  Missile Turret  
  199  13:24  Terran Infantry Weapons Level 3, Terran Infantry Armor Level 3  
  199  13:30  Marauder  
  199  13:33  Unknown  
  199  13:36  Marauder  
  199  13:38  Marauder  
  199  13:39  Marauder  
  194  13:41  Ghost  
  194  13:44  Marauder  
  194  13:46  Liberator  
  189  13:50  Marine x3  
  189  13:51  Marauder, Marine  
  193  13:57  Marauder  
  193  13:58  Medivac  
  193  13:59  Marauder  
  193  14:00  Marauder  
  193  14:02  Medivac  
  178  14:05  Marauder  
  178  14:08  Marine x2  
  179  14:11  Marauder  
  179  14:12  Ghost  
  179  14:15  Marine  
  176  14:19  Marauder  
  176  14:20  Ghost  
  176  14:21  Marauder  
  176  14:22  Marine  
  176  14:24  Planetary Fortress  
  181  14:26  Marauder, Marine  
  181  14:28  Marine  
  181  14:30  SCV  
  187  14:31  SCV x2  
  187  14:32  SCV, Marauder  
  191  14:40  Liberator  
  191  14:42  SCV  
  191  14:45  Liberator  
  198  14:53  Marauder  
  198  14:58  SCV x2  
  194  15:02  Marauder, Marine x3  
  194  15:03  Missile Turret  
  194  15:04  SCV x2  
  199  15:09  SCV  
  199  15:13  Command Center  

Tags
 
Add a new tag
Caveats
  • Supply blocks, unpowered buildings, or Contaminate may cause inaccurate times.
  • Supply counts are checked every 10 seconds.